 Dungeon Sprint DCSS version 0.26.1-11-gd32895ea62 (webtiles) character file.

Game seed: 15065915249333732255

7700000 Groucho the Intangible (level 27, -44/162 (174) HPs)
             Began as a Spriggan Abyssal Knight on July 7, 2021.
             Was the Champion of Makhleb.
             Annihilated by a destroyer
             ... wielding a +9 vorpal great sword
              (88 damage)
             ... in the Dungeon (Sprint VIII: "Arena of Blood").
             The game lasted 00:04:04 (77 turns).

Groucho the Intangible (Spriggan Abyssal Knight)      Turns: 77, Time: 00:04:05

HP:   -44/162 (174) AC:  4    Str:  8    XL:     27
MP:   17/55         EV: 44    Int: 16    God:    Makhleb [******]
Gold: 0             SH:  0    Dex: 26    Spells: 80/80 levels left

rFire    . . .     SeeInvis +   i - +∞ Axe of Woe
rCold    . . .     Faith    .   (shield currently unavailable)
rNeg     . . .     Spirit   .   b - +0 robe
rPois    .         Reflect  .   (helmet restricted)
rElec    .         Harm     .   (no cloak)
rCorr    .         Rampage  .   (gloves unavailable)
Will     ++++.     NoTele   +   (boots unavailable)
Stlth    ++........             (no amulet)
HPRegen  0.37/turn              (no ring)
MPRegen  0.34/turn              (no ring)

@: slowed, drained, quick
A: very small, unfitting armour, see invisible, speed 3
a: Renounce Religion, Minor Destruction, Lesser Servant of Makhleb, Major
Destruction, Greater Servant of Makhleb


You were in the Dungeon.
You worshipped Makhleb.
Makhleb was exalted by your worship.
You visited 1 branch

Inventory:

Hand Weapons
 a - a +1 hand axe
 i - the +∞ Axe of Woe (weapon)
   (You found it in the Dungeon)
Armour
 b - a +0 robe (worn)
Jewellery
 j - a +30 ring of slaying
 k - a +200 ring of slaying
 l - a +200 ring of slaying
 m - a +200 ring of slaying
Scrolls
 h - a scroll of blinking
Potions
 c - a potion of curing
 d - a potion of heal wounds
 e - a potion of haste
 f - 2 potions of magic
 g - a potion of berserk rage


   Skills:
 O Level 27 Fighting
 O Level 27 Short Blades
 O Level 27 Long Blades
 O Level 27 Axes
 O Level 27 Maces & Flails
 O Level 27 Polearms
 O Level 27 Staves
 O Level 27 Slings
 O Level 27 Bows
 O Level 27 Crossbows
 O Level 27 Throwing
 O Level 27 Armour
 O Level 27 Dodging
 O Level 27 Shields
 O Level 27 Unarmed Combat
 O Level 27 Spellcasting
 O Level 27 Conjurations
 O Level 27 Hexes
 O Level 27 Summonings
 O Level 27 Necromancy
 O Level 27 Translocations
 + Level 12.9 Transmutations
 + Level 8.6 Fire Magic
 + Level 8.6 Ice Magic
 + Level 9.4 Air Magic
 O Level 27 Invocations


You had 80 spell levels left.
You didn't know any spells.
Your spell library was empty.

Dungeon Overview and Level Annotations

Branches:
Dungeon (1/1)

Altars:
Makhleb


Innate Abilities, Weirdness & Mutations

You are very small and have problems with some larger weapons.
You are too small for most types of armour.
You have supernaturally acute eyesight. (SInv)
You cover ground extremely quickly.


Message History

You need to enable at least one skill for training.
Your Transmutations skill gained 12 levels and is now at level 12!
Your Fire Magic skill gained 8 levels and is now at level 8!
Your Ice Magic skill gained 8 levels and is now at level 8!
Your Air Magic skill gained 9 levels and is now at level 9!
Unknown command.
Unknown command.
You hear a shout!
The meat berserker rages.
You hear a shout!
The destroyer blinks!
The wretched soul breathes negative energy at you.
The bolt of negative energy hits you!!!
You feel drained.
You hear a shout! x3
The meat berserker hits you with a +9 battleaxe!!!!
* * * LOW HITPOINT WARNING * * *
You hear a shout! x2
The destroyer hits you with a +9 vorpal great sword!!!!
Ouch! That really hurt!
You die...

.... .... ...
..... #O. ...# .
#.. .V.# M
..###.. ...###O.
.......###oWo2.o.
.......)_2.O..§..
#))V@O# #_)<)_#
#.)))§#
......_.....
......###......
.###.. ...###..
#.. ...# . #..
...# .. .....


You could see an accursed, 2 meat beasts, 2 destroyers, a wretched soul
(invisible), 3 meat berserkers and 3 bags of meat.

Vanquished Creatures
  A hell beast (D)
  2 royal mummies (D)
  A wraith (D)
  6 vampire knights (D)
  25 ogres (D)
  3 two-headed ogres (D)
  A lich (D)
  A hydra (D)
  28 orcs (D)
  5 skeletal warriors (D)
  3 large abominations (D)
  5 small abominations (D)
  14 crawling corpses (D)
95 creatures vanquished.

Vanquished Creatures (others)
  A crawling corpse (D)
1 creature vanquished.

Grand Total: 96 creatures vanquished

Notes
Turn   | Place    | Note
-------+----------+-------------------------------------------
     0 | D        | Found the +∞ Axe of Woe
     0 | D        | Groucho the Spriggan Abyssal Knight began the quest for the
                  | Orb.
     0 | D        | Reached XP level 1. HP: 11/11 MP: 3/3
     4 | D        | Fell from the grace of Lugonu
     4 | D        | Became a worshipper of Makhleb the Destroyer
     4 | D        | Noticed a bag of meat
     7 | D        | Noticed a meat berserker
     9 | D        | Noticed a meat berserker
     9 | D        | Noticed a meat berserker
    11 | D        | Killed a bag of meat
    11 | D        | Noticed a meat berserker
    11 | D        | Noticed a bag of meat
    11 | D        | Noticed a bag of meat
    11 | D        | Noticed a bag of meat
    11 | D        | Noticed a meat berserker
    12 | D        | Reached skill level 10 in Axes
    12 | D        | Reached XP level 2. HP: 32/32 MP: 4/8
    12 | D        | Reached XP level 3. HP: 37/37 MP: 4/9
    12 | D        | Reached XP level 4. HP: 42/42 MP: 4/11
    12 | D        | Reached XP level 5. HP: 46/46 MP: 4/12
    12 | D        | Reached XP level 6. HP: 51/51 MP: 4/13
    12 | D        | Reached XP level 7. HP: 56/56 MP: 4/14
    12 | D        | Reached XP level 8. HP: 60/60 MP: 4/15
    12 | D        | Reached XP level 9. HP: 65/65 MP: 4/16
    12 | D        | Reached XP level 10. HP: 70/70 MP: 4/17
    12 | D        | Reached XP level 11. HP: 74/74 MP: 4/18
    12 | D        | Killed a meat berserker
    12 | D        | Reached * piety under Makhleb
    13 | D        | Reached skill level 27 in Dodging
    13 | D        | Reached XP level 12. HP: 79/79 MP: 4/19
    13 | D        | Reached XP level 13. HP: 84/84 MP: 4/20
    13 | D        | Killed a meat berserker
    13 | D        | Noticed a meat berserker
    13 | D        | Noticed a bag of meat
    14 | D        | Reached XP level 14. HP: 89/89 MP: 4/21
    14 | D        | Killed a meat berserker
    14 | D        | Noticed a bag of meat
    15 | D        | Reached XP level 15. HP: 93/93 MP: 4/22
    15 | D        | Killed a meat berserker
    15 | D        | Reached ** piety under Makhleb
    15 | D        | Killed a meat berserker
    16 | D        | Reached skill level 27 in Axes
    16 | D        | Reached skill level 15 in Armour
    16 | D        | Reached XP level 16. HP: 108/108 MP: 4/23
    16 | D        | Noticed a meat berserker
    18 | D        | Noticed a large bag of meat
    19 | D        | Reached XP level 17. HP: 114/114 MP: 5/24
    19 | D        | Killed a meat berserker
    19 | D        | Reached *** piety under Makhleb
    20 | D        | Noticed a destroyer
    20 | D        | Noticed a meat berserker
    21 | D        | Reached skill level 27 in Fighting
    21 | D        | Reached XP level 18. HP: 127/127 MP: 5/25
    21 | D        | Reached **** piety under Makhleb
    21 | D        | Noticed a destroyer
    23 | D        | Killed a meat berserker
    23 | D        | Killed a destroyer
    23 | D        | Reached ***** piety under Makhleb
    23 | D        | Noticed a meat berserker
    24 | D        | Reached skill level 27 in Armour
    24 | D        | Reached XP level 19. HP: 132/132 MP: 5/34
    25 | D        | Noticed a large bag of meat
    26 | D        | Reached XP level 20. HP: 137/137 MP: 6/37
    26 | D        | Killed a meat berserker
    27 | D        | Reached skill level 27 in Invocations
    28 | D        | Killed a destroyer
    28 | D        | Killed a meat berserker
    28 | D        | Killed a large bag of meat
    28 | D        | Reached ****** piety under Makhleb
    28 | D        | Noticed a meat berserker
    29 | D        | Reached skill level 27 in Unarmed Combat
    29 | D        | Reached XP level 21. HP: 91/142 MP: 6/39
    29 | D        | Noticed a destroyer
    29 | D        | Noticed a destroyer
    30 | D        | Killed a destroyer
    31 | D        | Reached skill level 15 in Maces & Flails
    31 | D        | Reached skill level 15 in Polearms
    31 | D        | Reached XP level 22. HP: 95/148 MP: 7/40
    33 | D        | Killed a large bag of meat
    37 | D        | Reached XP level 23. HP: 71/153 MP: 8/41
    37 | D        | Noticed a destroyer
    38 | D        | Noticed a large bag of meat
    38 | D        | Noticed a destroyer
    39 | D        | Killed a destroyer
    40 | D        | Reached skill level 27 in Short Blades
    41 | D        | Noticed a destroyer
    42 | D        | Killed a destroyer
    42 | D        | Killed a large bag of meat
    43 | D        | Reached XP level 24. HP: 141/158 MP: 9/41
    43 | D        | Killed a destroyer
    44 | D        | Reached skill level 27 in Long Blades
    44 | D        | Reached skill level 27 in Maces & Flails
    44 | D        | Reached skill level 27 in Polearms
    45 | D        | Reached skill level 5 in Bows
    47 | D        | Reached skill level 10 in Crossbows
    47 | D        | Reached skill level 10 in Throwing
    48 | D        | Reached skill level 10 in Staves
    48 | D        | Reached skill level 15 in Bows
    50 | D        | Noticed an accursed
    52 | D        | Reached skill level 15 in Crossbows
    52 | D        | Reached skill level 15 in Throwing
    52 | D        | Reached XP level 25. HP: 149/163 MP: 11/41
    53 | D        | Killed an accursed
    54 | D        | Reached skill level 27 in Bows
    54 | D        | Reached XP level 26. HP: 144/169 MP: 11/41
    57 | D        | Noticed a tyrant
    59 | D        | Reached skill level 27 in Crossbows
    59 | D        | Reached skill level 27 in Throwing
    59 | D        | Noticed a destroyer
    60 | D        | Killed a tyrant
    61 | D        | Reached skill level 27 in Staves
    62 | D        | Reached XP level 27. HP: 174/174 MP: 13/45
    63 | D        | Noticed a meat beast
    65 | D        | Reached skill level 15 in Shields
    65 | D        | Reached skill level 15 in Conjurations
    65 | D        | Killed a meat beast
    65 | D        | Noticed an accursed
    66 | D        | Reached skill level 27 in Slings
    66 | D        | Reached skill level 27 in Spellcasting
    66 | D        | Noticed a destroyer
    70 | D        | Reached skill level 27 in Shields
    70 | D        | Reached skill level 27 in Conjurations
    71 | D        | Noticed a dread
    72 | D        | Reached skill level 15 in Necromancy
    72 | D        | Noticed a meat beast
    74 | D        | Reached skill level 15 in Summonings
    74 | D        | Killed a dread
    75 | D        | Reached skill level 27 in Hexes
    75 | D        | Reached skill level 27 in Translocations
    75 | D        | Noticed an accursed
    76 | D        | Killed an accursed
    76 | D        | Noticed a meat beast
    77 | D        | Reached skill level 27 in Summonings
    77 | D        | Reached skill level 27 in Necromancy
    77 | D        | Annihilated by a destroyer

Illustrated notes

Levels and vault maps discovered:
D:        meatsprint

Skill      XL: |  1  2  3  4  5  6  7  8  9 10 11 12 13 14 15 16 17 18 19 20 21 22 23 24 25 26 27 |
---------------+----------------------------------------------------------------------------------+-----
Fighting       | 17 22 23 27 | 27.0
Axes           | 10 17 22 26 27 | 27.0
Dodging        | 18 27 | 27.0
Invocations    | 8 21 24 27 | 27.0
Armour         | 15 16 21 27 | 27.0
Unarmed Combat | 17 20 27 | 27.0
Short Blades   | 17 20 26 27 | 27.0
Long Blades    | 13 16 21 26 27 | 27.0
Maces & Flails | 12 15 19 25 27 | 27.0
Polearms       | 12 15 19 25 27 | 27.0
Staves         | 12 20 27 | 27.0
Bows           | 17 27 | 27.0
Crossbows      | 15 24 27 | 27.0
Throwing       | 15 24 27 | 27.0
Slings         | 17 27 | 27.0
Shields        | 11 27 | 27.0
Spellcasting   | 17 27 | 27.0
Conjurations   | 11 27 | 27.0
Hexes          | 27 | 27.0
Summonings     | 27 | 27.0
Necromancy     | 27 | 27.0
Translocations | 27 | 27.0
Transmutations | 12 | 12.9
Fire Magic     | 8 |  8.6
Ice Magic      | 8 |  8.6
Air Magic      | 9 |  9.4

Action                   |  1- 3 |  4- 6 |  7- 9 | 10-12 | 13-15 | 16-18 | 19-21 | 22-24 | 25-27 || total
-------------------------+-------+-------+-------+-------+-------+-------+-------+-------+-------++-------
Melee: Broad axe         |     1 |       |       |     1 |     3 |     5 |     4 |    19 |    20 ||    53
